 Dungeon Crawl Stone Soup version 0.30-a0-1016-gfb0d676c02 (webtiles) character file.

Game seed: 17339204769241704416

378 Demosthentine the Ducker (level 6, 0/45 HPs)
             Began as a Demonspawn Gladiator on Apr 6, 2023.
             Was a Follower of Hepliaklqana.
             Slain by an unseen horror (1 damage)
             ... on level 5 of the Dungeon.
             The game lasted 00:03:41 (4200 turns).

Demosthentine the Ducker (Demonspawn Gladiator)     Turns: 4200, Time: 00:03:42

Health: 0/45       AC: 10    Str: 20    XL:     6   Next: 45%
Magic:  6/6        EV: 13    Int:  9    God:    Hepliaklqana [*.....]
Gold:   262        SH:  0    Dex: 13    Spells: 5/5 levels left

rFire   . . .      SeeInvis .    a - +1 trident
rCold   + . .      Faith    .    (no shield)
rNeg    + . .      Spirit   .    b - +0 leather armour
rPois   .          Reflect  .    c - +0 helmet
rElec   .          Rampage  .    (no cloak)
rCorr   .                        (no gloves)
Will    .....                    (no boots)
Stlth   +                        (no amulet)
HPRegen 0.27/turn                i - ring of positive energy
MPRegen 0.20/turn                q - +4 ring of protection

@: lethally poisoned (0 -> -2)
A: reduced essence, rugged brown scales 2, magic regeneration, cold resistance
1, strong 1
a: Renounce Religion, Recall Ancestor, Ancestor Identity


You were on level 5 of the Dungeon.
You worshipped Hepliaklqana.
Hepliaklqana was aware of your devotion.
You visited 2 branches of the dungeon, and saw 6 of its levels.
You also visited: Sewer.

You collected 262 gold pieces.

Inventory:

Hand Weapons
 a - a +1 trident (weapon)
Missiles
 d - 2 throwing nets (quivered)
 e - a javelin
Armour
 b - a +0 leather armour (worn)
 c - a +0 helmet (worn)
Jewellery
 i - a ring of positive energy (left hand)
 p - a ring of protection from cold
 q - a +4 ring of protection (right hand)
Scrolls
 j - a scroll of fear
 l - a scroll of enchant weapon
 s - a scroll of fog {unknown}
 t - a scroll of vulnerability {unknown}
Potions
 f - a potion of attraction
 g - a potion of flight
 k - a potion of degeneration {unknown}
 m - a potion of might {unknown}
 n - 2 potions of mutation
 o - a potion of lignification {unknown}
 r - 2 potions of cancellation {unknown}


   Skills:
 + Level 3.8 Fighting
 + Level 4.0 Polearms
 - Level 1.7 Throwing
 + Level 2.7 Armour
 + Level 4.0 Dodging


You had 5 spell levels left.
You didn't know any spells.
Your spell library contained the following spells:

 Spells                   Type           Power      Damage    Failure   Level
 Magic Dart               Conj           0%         1d3       43%         1
 Searing Ray              Conj           0%         2d4       56%         2
 Hailstorm                Conj/Ice       0%         3d3       80%         3
 Fulminant Prism          Conj/Hex       0%         3d5       99%         4
 Ice Form                 Ice/Tmut       0%         N/A       99%         4
 Simulacrum               Ice/Necr       0%         N/A       100%        6


Dungeon Overview and Level Annotations

Branches:
Dungeon (5/15)             Temple (1/1) D:4           Sewer (visited)

Altars:
Ashenzari
Cheibriados
Dithmenos
Fedhas
Gozag
Hepliaklqana
Makhleb
Okawaru
Qazlal
Ru
Sif Muna
Trog
Uskayaw
Vehumet
Xom
Yredelemnul

Shops:
D:3 (

Annotations:
Temple 2 transporters


Innate Abilities, Weirdness & Mutations

Your life essence is reduced to manifest your ancestor. (-10% HP)
You are mostly covered in rugged brown scales. (AC +2, +5% HP)
You regenerate magic rapidly.
Your flesh is cold resistant. (rC+)
Your muscles are strong. (Str +4, Int/Dex -1)


Message History

No target in view!
There is a strange disturbance nearby!
No target in view!
There is a strange disturbance nearby!
Deactivating autopickup; reactivate with Ctrl-A.
You completely miss something. Something hits you!
You swap places.
Something hits you but does no damage.
Found a scimitar.
Something barely misses you.
An adder comes into view.
Something hits you.
You closely miss something. Something hits you.
Nhalahla hits something.
Something hits you. Something hits you.
An orc wizard comes into view. It is wielding a +0 dagger of venom.
The orc wizard shouts!
You hear an angry hiss.
You hear a shout!
Something hits you.
Nhalahla hits something but does no damage.
A gnoll bouda comes into view. It is wielding a +0 whip.
You hear a bark!
You hit the adder but do no damage.
Something shouts, "Slither away, thou yeasty sheep-biting bandersnitch!"
Something hits you! The adder bites you.
You are poisoned.
The adder poisons you!
You puncture the adder!
You kill the adder!
You feel sick. Something hits you.
Unknown command.
Something hits you!
* * * LOW HITPOINT WARNING * * *
You feel sick. Something hits you.
* * * LOW HITPOINT WARNING * * *
A scorpion comes into view.
Nhalahla hits something.
Something barely misses Nhalahla.
Unknown command.
It was a potion of mutation.
You feel extremely strange.
You feel stronger.
You feel resistant to cold.
* * * LOW HITPOINT WARNING * * *
You feel sick. Something hits you.
You die...

R#.#.###.# #.# *,*
#....# #.# #.#
**,** .....# #.#
#.# **,,,** #....#
#.# ##.# **>,,,,***
#..#.#*#.# #..#
*,,,,,,,,,
#>.......# #.##
**,,,,,**,
#.##.###.#######..#
**,,,***,
...,..,...........#
**,** *,
.#.,,#,,,#...#..@.#
*** *,
*,*,,,*,*..,#)#R..#
*,
,,,*,,,*,,,#...#o.#
**,
,,,,,,,,,.........#
*,,
,*,,,*,,,#s.g#....#
*,*
*,*,,,*,*...#)#..##
*,*
,,,*,,,*,..#...#.#
*,*
,,,,,,,,,....,...#*
*,*
,*,,,*,,,*..,#....*
*,*


You could see the friendly Nhalahla the ancestor, a gnoll bouda, a scorpion and
an orc wizard.

Vanquished Creatures
  A kobold brigand (Sewer)
  Jessica (D:2)
  Natasha (twice) (D:2)
  An orc wizard (D:5)
  Robin (D:2)
  10 adders
  5 worms
  2 dart slugs
  4 orcs
  8 ball pythons
  6 endoplasms
  3 giant cockroaches
  7 goblins
  4 hobgoblins
  17 kobolds
  3 quokkas
  7 bats
  4 frilled lizards
  8 rats
94 creatures vanquished.

Vanquished Creatures (others)
  An ancestor (D:5)
  A goblin (D:2)
  A fungus (Sewer)
  2 plants (Sewer)
5 creatures vanquished.

Grand Total: 99 creatures vanquished

Notes
Turn   | Place    | Note
-------+----------+-------------------------------------------
     0 | D:1      | Demosthentine the Demonspawn Gladiator began the quest for
                  | the Orb.
     0 | D:1      | Reached XP level 1. HP: 16/16 MP: 1/1
   181 | D:1      | Gained mutation: You are partially covered in rugged brown
                  | scales. (AC +1, +3% HP) [demonic ancestry]
   181 | D:1      | Reached XP level 2. HP: 14/22 MP: 2/2
   808 | D:2      | Reached skill level 1 in Armour
   819 | D:2      | Reached XP level 3. HP: 28/28 MP: 3/3
   987 | D:2      | Noticed Jessica
   990 | D:2      | Killed Jessica
  1061 | D:2      | Noticed Robin
  1065 | D:2      | Reached XP level 4. HP: 35/35 MP: 4/4
  1081 | D:2      | Killed Robin
  1267 | D:2      | Noticed Natasha
  1276 | D:2      | Killed Natasha
  1580 | D:2      | Noticed Natasha
  1588 | D:2      | Killed Natasha
  1589 | D:2      | Gained mutation: You regenerate magic rapidly. [demonic
                  | ancestry]
  1589 | D:2      | Reached XP level 5. HP: 42/42 MP: 5/5
  1716 | D:3      | Found a shadowy altar of Dithmenos.
  2188 | D:3      | Found Voplos's Antique Weapon Emporium.
  2841 | D:4      | Found a staircase to the Ecumenical Temple.
  2859 | Temple   | Entered the Ecumenical Temple
  2859 | Temple   | Found a transporter.
  2859 | Temple   | Found a transporter.
  2861 | Temple   | Found a transporter.
  2861 | Temple   | Found a transporter.
  2881 | Temple   | Became a worshipper of Hepliaklqana the Forgotten
  3370 | D:5      | Entered Level 5 of the Dungeon
  3376 | D:5      | Found a glowing drain.
  3393 | Sewer    | Entered a sewer
  3599 | Sewer    | Gained mutation: You are mostly covered in rugged brown
                  | scales. (AC +2, +5% HP) [demonic ancestry]
  3599 | Sewer    | Reached XP level 6. HP: 18/49 MP: 6/6
  3968 | D:5      | Reached * piety under Hepliaklqana
  4008 | D:5      | HP: 2/45 [something (2)]
  4199 | D:5      | HP: 1/45 [something (5)]
  4200 | D:5      | Gained mutation: Your muscles are strong. (Str +4, Int/Dex
                  | -1) [potion of mutation]
  4200 | D:5      | Gained mutation: Your flesh is cold resistant. (rC+)
                  | [potion of mutation]
  4200 | D:5      | Slain by an unseen horror

Illustrated notes

Levels and vault maps discovered:
D:1:      lightli_arrival_chessboard, layout_basic
D:2:      layout_basic, uniq_natasha, uniq_jessica, uniq_robin
D:3:      layout_basic, lemuel_doored_altar, serial_shops, shop_coins
D:4:      layout_basic, minmay_temple_entry_stoned_glass
D:5:      cheibrodos_fzero, layout_loops_ring, cheibrodos_sewer_entry_drain,
          feat_on_display
Temple:   hellmonk_temple_divided_pantheon

Skill      XL: |  1  2  3  4  5  6 |
---------------+-------------------+-----
Dodging        | 3 4 |  4.0
Armour         | 1 2 |  2.7
Polearms       | 3 4 |  4.0
Fighting       | 3 |  3.8
Throwing       | |  1.7

Action                     |  1- 3 |  4- 6 || total
---------------------------+-------+-------++-------
  Melee: Trident           |    87 |   280 ||   367
         Punch             |       |     1 ||     1
  Throw: Throwing net      |       |     1 ||     1
    Use: Scroll            |     1 |    10 ||    11
         Potion            |       |     4 ||     4
   Stab: Sleeping          |       |     3 ||     3
         Held in net/web   |       |     1 ||     1
 Armour: Leather armour    |    24 |    86 ||   110
  Dodge: Dodged            |    41 |   155 ||   196

Table legend: (Time is in decaauts)
 A = Elapsed time spent in this place.
 B = Non-inter-level travel time spent in this place.
 C = Inter-level travel time spent in this place.
 D = Time resting spent in this place.
 E = Time spent auto-exploring this place.
 F = Levels seen in this place.
 G = Mean time per level.
                   A        B        C        D        E       F      G
               +--------+--------+--------+--------+--------+-----+--------+
         Total |   4280 |   4215 |     65 |      0 |   3422 |   7 |  611.4 |
       Dungeon |   3640 |   3575 |     65 |      0 |   3005 |   5 |  728.0 |
        Temple |     42 |     42 |      0 |      0 |      6 |   1 |   42.0 |
         Sewer |    596 |    596 |      0 |      0 |    411 |   1 |  596.0 |
               +--------+--------+--------+--------+--------+-----+--------+

Top non-repeatable levels by time:
     D:3: 949 daAuts
     D:2: 893 daAuts
     D:1: 767 daAuts
     D:4: 752 daAuts
   Sewer: 596 daAuts
     D:5: 278 daAuts
  Temple: 42 daAuts
